 Dungeon Crawl Stone Soup version 0.30-a0-1094-g860fb061e7 (webtiles) character file.

Game seed: 7260071119078317429

1192 ryw the Trooper (level 8, 0/64 HPs)
             Began as a Mummy Fighter on Apr 18, 2023.
             Killed by divine providence
             ... invoked by an orc priest
              (8 damage)
             ... on level 6 of the Dungeon.
             The game lasted 00:09:30 (5425 turns).

ryw the Trooper (Mummy Fighter)                     Turns: 5425, Time: 00:09:31

Health: 0/64       AC: 16    Str: 21    XL:     8   Next: 20%
Magic:  8/8        EV: 21    Int:  8    God:
Gold:   285        SH:  4    Dex: 11    Spells: 7/7 levels left

rFire   x . .      SeeInvis .    a - +0 flail
rCold   + + .      Faith    +    c - +0 buckler
rNeg    + + +      Spirit   .    q - +0 plate armour
rPois   ∞          Reflect  .    i - +0 helmet
rElec   .          Rampage  .    v - +0 cloak
rCorr   .                        p - +0 pair of gloves
Will    +....                    (no boots) Stlth
                                 h - amulet of the acrobat
HPRegen 0.30/turn                t - ring of protection from cold
MPRegen 0.11/turn                (no ring)

@: about to teleport, acrobatic
A: cold resistance 1, negative energy resistance 3, torment resistance 2, heat
vulnerability 1, in touch with death 1, no potions, faith
a: no special abilities


You were on level 6 of the Dungeon.
You visited 1 branch of the dungeon, and saw 6 of its levels.

You collected 285 gold pieces.

Inventory:

Hand Weapons
 a - a +0 flail (weapon)
Missiles
 d - a throwing net (quivered)
 e - 3 atropa-tipped darts
 k - 7 poisoned darts
 o - 2 boomerangs
Armour
 c - a +0 buckler (worn)
 i - a +0 helmet (worn)
 p - a +0 pair of gloves (worn)
 q - a +0 plate armour (worn)
 v - a +0 cloak (worn)
Jewellery
 h - an amulet of the acrobat (around neck)
 t - a ring of protection from cold (left hand)
Wands
 g - a wand of roots (9)
 j - a wand of flame (27)
Scrolls
 f - a scroll of teleportation
 l - a scroll of vulnerability
 m - a scroll of magic mapping
 n - 2 scrolls of fog
 r - a scroll of immolation
 s - a scroll of summoning
 u - a scroll of identify


   Skills:
 + Level 6.1 Fighting
 * Level 5.3 Maces & Flails
 + Level 5.1 Armour
 - Level 2.4 Shields


You had 7 spell levels left.
You didn't know any spells.
Your spell library contained the following spells:

 Spells                   Type           Power      Damage    Failure   Level
 Apportation              Tloc           0%         N/A       100%        1
 Necrotise                Necr           0%         1d4       100%        1
 Sandblast                Erth           0%         2d4       100%        1
 Summon Small Mammal      Summ           0%         N/A       100%        1
 Passwall                 Tmut/Erth      0%         N/A       100%        2
 Stone Arrow              Conj/Erth      0%         3d7       100%        3
 Summon Guardian Golem    Hex/Summ       0%         N/A       100%        3
 Anguish                  Hex/Necr       0%         N/A       100%        4
 Enfeeble                 Hex            0%         N/A       100%        7
 Orb of Destruction       Conj           0%         9d5       100%        7
 Spellforged Servitor     Conj/Summ      0%         N/A       100%        7


Dungeon Overview and Level Annotations

Branches:
Dungeon (6/15)
 Temple: D:4-7

Altars:

Annotations:
D:4 2 transporters, ryak's ghost, amateur OpCj


Innate Abilities, Weirdness & Mutations

You are immune to poison.
Your flesh is cold resistant. (rC+)
You are immune to negative energy. (rN+++)
You are immune to unholy pain and torment.
You are vulnerable to heat. (rF-)
You are in touch with the powers of death.
You do not drink.
You have a special connection with the divine. (Faith)


Message History

The orc barely misses you. You block the orc's attack.
Something hits you but does no damage.
You closely miss the orc.
You hear some strange, mumbled words.
A puff of flame appears from out of thin air!
The puff of flame misses you. The orc hits you but does no damage.
You hear a shout!
You completely miss the orc. Something hits you but does no damage.
The orc priest begins to cast a cantrip, but forgets the words!
The orc hits you with a +0 whip.
You hit the orc but do no damage. You block something's attack.
The orc hits you but does no damage.
You hit the orc.
The orc is moderately wounded.
The orc hits you but does no damage. Something hits you but does no damage.
The orc priest mumbles some strange prayers to Beogh against you.
Beogh smites you! Something hits you but does no damage.
The orc barely misses you.
You closely miss the orc.
The orc is moderately wounded.
You hear some strange, mumbled words.
A puff of flame appears from out of thin air!
The puff of flame hits you. The fire burns you terribly!
The orc priest calls down the wrath of Beogh upon you.
Beogh smites you!
* * * LOW HITPOINT WARNING * * *
The orc hits you but does no damage.
You are too injured to fight recklessly!
You are too injured to fight recklessly!
As you read the scroll of teleportation, it crumbles to dust.
You feel strangely unstable.
The orc priest calls upon Beogh to heal the orc.
The orc's wounds heal themselves!
An ogre comes into view. It is wielding a +0 giant spiked club.
The orc priest mumbles some strange prayers to Beogh against you.
Beogh smites you!
* * * LOW HITPOINT WARNING * * *
The orc priest invokes the aid of Beogh against you.
Beogh smites you!
You die...

#+ #.###.#.#
#. #.# #.#.#
#. #.# #...#
##.#
#.####..#
##...##
#.......#
###....o#
######.##
....>.oo#
#.#
#o########.#
#...@......#
############


You could see an orc priest.

Vanquished Creatures
  Grinder (D:4)
  An ogre (D:4)
  2 phantoms
  4 scorpions (D:5)
  2 jellies (D:4)
  5 hounds
  Jessica (D:2)
  3 orc wizards
  6 gnolls
  4 adders
  A white imp (D:6)
  An ufetubus (D:5)
  2 worms (D:2)
  2 dart slugs
  8 orcs
  9 ball pythons
  9 endoplasms
  8 giant cockroaches
  10 goblins
  7 hobgoblins
  4 jackals (D:3)
  5 quokkas
  6 bats
  3 frilled lizards
  5 kobolds
  4 rats
113 creatures vanquished.

Vanquished Creatures (others)
  9 fungi (D:5)
  6 plants (D:2)
15 creatures vanquished.

Grand Total: 128 creatures vanquished

Notes
Turn   | Place    | Note
-------+----------+-------------------------------------------
     0 | D:1      | ryw the Mummy Fighter began the quest for the Orb.
     0 | D:1      | Reached XP level 1. HP: 18/18 MP: 1/1
   225 | D:1      | Reached XP level 2. HP: 23/24 MP: 2/2
   570 | D:1      | Gained mutation: You are in touch with the powers of death.
                  | [Mummy growth]
   570 | D:1      | Reached XP level 3. HP: 29/29 MP: 3/3
  1155 | D:2      | Noticed Jessica
  1165 | D:2      | Killed Jessica
  1166 | D:2      | Reached XP level 4. HP: 35/37 MP: 4/4
  2137 | D:3      | Noticed a phantom
  2205 | D:2      | Killed a phantom
  2206 | D:2      | Reached skill level 4 in Fighting
  2206 | D:2      | Reached XP level 5. HP: 35/42 MP: 5/5
  2518 | D:4      | Found a transporter.
  2519 | D:4      | Noticed ryak's ghost (amateur OpCj)
  2523 | D:4      | Noticed an ogre
  2532 | D:4      | Killed an ogre
  2533 | D:4      | Reached XP level 6. HP: 33/49 MP: 6/6
  2715 | D:4      | Noticed Grinder
  2745 | D:4      | Paralysed by Grinder for 3 turns
  2777 | D:4      | Killed Grinder
  2778 | D:4      | Reached skill level 5 in Fighting
  2983 | D:4      | Reached XP level 7. HP: 56/56 MP: 7/7
  3442 | D:4      | Found a transporter.
  3732 | D:4      | Identified the +4 sling of the Sage {drain, Str+7}
  3745 | D:5      | Entered Level 5 of the Dungeon
  3776 | D:5      | Identified the +8 long sword of Brawling {antimagic,
                  | *Corrode rF+ Will++ Int+3}
  4413 | D:5      | You fall into a shaft and drop 1 floor!
  4465 | D:5      | Reached XP level 8. HP: 54/64 MP: 8/8
  4557 | D:5      | Reached skill level 6 in Fighting
  4557 | D:5      | Reached skill level 5 in Maces & Flails
  4764 | D:5      | Reached skill level 5 in Armour
  5425 | D:6      | Killed from afar by an orc priest

Illustrated notes

Levels and vault maps discovered:
D:1:      mrwooster_arrival_statue_2, layout_basic, amethyst_killhole,
          roderic_lattice_a, chequers_serial_rivers_micro_c
D:2:      layout_basic, serial_bayou, serial_bayou_ford_a, serial_bayou_shore_b,
          serial_bayou_shore_a, serial_bayou_shore_b, minmay_domino_2,
          uniq_jessica
D:3:      layout_basic
D:4:      layout_loops_ring, yredelemnul_forgotten_temple_becter,
          gammafunk_ghost_stat_death, minmay_ruined_shrine, uniq_grinder
D:5:      layout_loops_corners, serial_aquarium, aquarium_bridge_long_joined
          [aquarium_subvault_bridge, aquarium_subvault_wall,
          aquarium_subvault_wall, aquarium_subvault_bridge,
          aquarium_subvault_window, aquarium_subvault_wall],
          aquarium_bridge_straight [aquarium_subvault_bridge,
          aquarium_subvault_wall, aquarium_subvault_bridge,
          aquarium_subvault_wall], aquarium_window_1, aquarium_window_3,
          aquarium_window_fake, aquarium_window_2, aquarium_view_2d,
          aquarium_pool_1
D:6:      layout_loops_corners, grunt_temple_overflow_opulence,
          nicolae_ossuary_entry_false_entrances, uniq_duvessa, uniq_eustachio

Skill      XL: |  1  2  3  4  5  6  7  8 |
---------------+-------------------------+-----
Maces & Flails | 2 3 4 5 |  5.3
Armour         | 3 4 5 |  5.1
Fighting       | 4 5 6 |  6.1
Shields        | |  2.4

Action                     |  1- 3 |  4- 6 |  7- 9 || total
---------------------------+-------+-------+-------++-------
  Melee: Flail             |   104 |   156 |   197 ||   457
         Long sword        |       |       |    17 ||    17
    Use: Scroll            |       |     6 |     4 ||    10
 Armour: Scale mail        |    66 |    62 |   109 ||   237
         Plate armour      |       |       |    49 ||    49
  Dodge: Dodged            |    65 |    78 |   150 ||   293
  Block: Buckler           |    21 |    34 |    51 ||   106

Table legend: (Time is in decaauts)
 A = Elapsed time spent in this place.
 B = Non-inter-level travel time spent in this place.
 C = Inter-level travel time spent in this place.
 D = Time resting spent in this place.
 E = Time spent auto-exploring this place.
 F = Levels seen in this place.
 G = Mean time per level.
                   A        B        C        D        E       F      G
               +--------+--------+--------+--------+--------+-----+--------+
         Total |   5587 |   5290 |    297 |    634 |   3371 |   6 |  931.2 |
       Dungeon |   5587 |   5290 |    297 |    634 |   3371 |   6 |  931.2 |
               +--------+--------+--------+--------+--------+-----+--------+

Top non-repeatable levels by time:
     D:4: 1371 daAuts
     D:5: 1368 daAuts
     D:2: 974 daAuts
     D:1: 911 daAuts
     D:3: 860 daAuts
     D:6: 102 daAuts
